 Dungeon Crawl Stone Soup version 0.20.0-8-g6b59dc7 (webtiles) character file.

2800 Ijustatesigmund the Cleaver (level 9, -1/85 HPs)
             Began as a Hill Orc Fighter on May 30, 2017.
             Slain by a killer bee (6 damage)
             ... on level 9 of the Dungeon.
             The game lasted 00:17:52 (5974 turns).

Ijustatesigmund the Cleaver (Hill Orc Fighter)      Turns: 5974, Time: 00:17:53

Health: -1/85      AC: 15    Str: 18 (19) XL:     9   Next: 71%
Magic:  9/9        EV:  8    Int:  2 (4)  God:
Gold:   125        SH:  9    Dex: 10 (12) Spells: 8/8 levels left

rFire    . . .     SeeInvis .   a - +0 war axe
rCold    . . .     Gourm    +   c - +0 shield
rNeg     . . .     Faith    .   e - +5 scale mail "Daeg" {+Inv rPois Int-5}
rPois    +         Spirit   .   r - +2 hat
rElec    .         Reflect  .   (no cloak)
rCorr    .         Harm     .   u - +0 pair of gloves
MR       .....                  (no boots)
Stlth    ..........             v - amulet of the gourmand
Regen    0.3/turn               (no ring)
MPRegen  0.2/turn               (no ring)

@: no status effects
A: no striking features
a: Evoke Invisibility


You were on level 9 of the Dungeon.
You were not hungry.

You visited 1 branch of the dungeon, and saw 9 of its levels.

You collected 242 gold pieces.
You spent 117 gold pieces at shops.

Inventory:

Hand Weapons
 a - a +0 war axe (weapon)
Armour
 b - a +0 chain mail
 c - a +0 shield (worn)
 e - the +5 scale mail "Daeg" (worn) {+Inv rPois Int-5}
   (You found it on level 7 of the Dungeon)

   It affects your intelligence (-5).
   It protects you from poison.
   It lets you turn invisible.
 r - a +2 hat (worn)
 u - a +0 pair of gloves (worn)
Jewellery
 h - an uncursed amulet of faith
 v - an amulet of the gourmand (around neck)
Scrolls
 d - 2 scrolls of amnesia
 i - a scroll of recharging
 l - 3 scrolls of remove curse
 n - 2 scrolls of fog
Potions
 m - 2 potions of flight
Comestibles
 f - 2 bread rations
 k - 2 royal jellies
 p - 10 fruits
 s - 2 meat rations


   Skills:
 + Level 10.0 Fighting
 + Level 10.7 Axes
 - Level 5.3 Armour
 - Level 2.7 Dodging
 - Level 5.3 Shields


You had 8 spell levels left.
You didn't know any spells.

Dungeon Overview and Level Annotations

Branches:
Dungeon (9/15)
 Temple: D:4-7         Lair: D:8-11         Orc: D:9-12

Altars:
Ashenzari
Nemelex Xobeh
Okawaru
Qazlal
Sif Muna
Uskayaw
Vehumet
Xom
Yredelemnul

Shops:
D:4 !*%   D:5 *   D:8 [

Annotations:
D:6 Dowan, Duvessa


Message History

You feel sick.
The killer bee stings you but does no damage. x2
You block the killer bee's attack.
There is a stone staircase leading down here.
You block the killer bee's attack.
The killer bee stings you but does no damage.
You block the gnoll sergeant's attack.
You climb downwards.
A sky beast and a centaur come into view.
You feel sick.
You are no longer poisoned.
The centaur shouts!
Found a helmet.
There is a stone staircase leading up here.
You slash the killer bee!
The killer bee is severely wounded.
You block the killer bee's attack. The killer bee barely misses you.
The centaur wields a shortbow.
The centaur shoots an arrow.
You block the arrow. The killer bee stings you.
You die...

#+ ## #. ..
## ##.
.#### .. ..
...[
####.#. .c#
.......#..#
#Y.y@#
#....#
#.#### #


You could see a sky beast, a centaur and a killer bee.

Vanquished Creatures
  A hungry ghost (D:4)
  Menkaure (D:6)
  2 water moccasins
  An orc warrior (D:7)
  A sky beast (D:5)
  A phantom (D:4)
  2 ice beasts (D:8)
  The ghost of kraftydee the Poker, an amateur MiGl of Okawaru (D:4)
  An ogre (D:7)
  A centaur (D:6)
  2 bullfrogs (D:7)
  14 killer bees (D:8)
  A howler monkey (D:4)
  2 crimson imps
  2 quasits (D:7)
  6 hounds
  2 orc wizards (D:7)
  3 orc priests (D:4)
  A jelly (D:6)
  3 iguanas
  4 worker ants
  A hound skeleton (D:4)
  A worker ant zombie (D:7)
  2 gnolls (D:8)
  6 adders
  A shadow imp (D:5)
  An ooze (D:5)
  A worm (D:5)
  3 dart slugs
  2 leopard geckos
  10 orcs
  3 bats
  3 giant cockroaches
  7 hobgoblins
  6 jackals
  4 quokkas
  A ball python (D:5)
  4 frilled lizards
  6 goblins
  7 kobolds
  A leopard gecko skeleton (D:7)
  A quokka skeleton (D:6)
  5 rats
128 creatures vanquished.

Notes
Turn   | Place    | Note
-------+----------+-------------------------------------------
     0 | D:1      | Ijustatesigmund the Hill Orc Fighter began the quest for the Orb.
     0 | D:1      | Reached XP level 1. HP: 19/19 MP: 1/1
   260 | D:1      | Reached XP level 2. HP: 24/27 MP: 2/2
   713 | D:2      | Reached XP level 3. HP: 24/34 MP: 3/3
   809 | D:2      | Found a sparkling altar of Nemelex Xobeh.
  1207 | D:3      | Found a hide-covered altar of Uskayaw.
  1459 | D:3      | Reached skill level 5 in Axes
  1459 | D:3      | Reached XP level 4. HP: 30/41 MP: 4/4
  1841 | D:4      | Noticed a phantom
  1861 | D:4      | Killed a phantom
  1861 | D:4      | Reached skill level 5 in Fighting
  1861 | D:4      | Reached XP level 5. HP: 45/48 MP: 5/5
  1879 | D:4      | Found Apesemer's General Store.
  2020 | D:4      | Reached XP level 6. HP: 34/57 MP: 6/6
  2147 | D:4      | Found an iron altar of Okawaru.
  2151 | D:4      | Found a shimmering altar of Xom.
  2152 | D:4      | Found a deep blue altar of Sif Muna.
  2153 | D:4      | Found a stormy altar of Qazlal.
  2174 | D:4      | Found Isetiuc's Food Shop.
  2208 | D:4      | Noticed kraftydee's ghost (amateur MiGl)
  2219 | D:4      | Noticed a hungry ghost
  2222 | D:4      | Killed kraftydee's ghost
  2243 | D:4      | Killed a hungry ghost
  2243 | D:4      | Reached XP level 7. HP: 27/66 MP: 7/7
  2812 | D:4      | Found Miec's Distillery.
  2851 | D:4      | Bought 3 scrolls of teleportation for 117 gold pieces
  3005 | D:5      | Entered Level 5 of the Dungeon
  3005 | D:5      | Found Zutz's General Store.
  3056 | D:5      | Reached skill level 1 in Dodging
  3215 | D:5      | Found a shattered altar of Ashenzari.
  3343 | D:5      | Reached XP level 8. HP: 73/73 MP: 8/8
  3401 | D:5      | Found a basalt altar of Yredelemnul.
  3961 | D:6      | Noticed Menkaure
  3966 | D:6      | Killed Menkaure
  3966 | D:6      | Reached skill level 5 in Armour
  3966 | D:6      | Reached skill level 5 in Shields
  4239 | D:6      | Noticed Dowan
  4245 | D:6      | Noticed Duvessa
  4360 | D:7      | Got a pitted scale mail
  4516 | D:7      | Identified the +5 scale mail "Daeg" {+Inv rPois Int-5} (You found it on level 7 of the Dungeon)
  4595 | D:7      | Found a radiant altar of Vehumet.
  4912 | D:7      | Reached XP level 9. HP: 82/82 MP: 9/9
  5766 | D:8      | Found Dyjagi Deto's Antique Armour Shop.
  5919 | D:8      | Reached skill level 10 in Axes
  5952 | D:8      | Reached skill level 10 in Fighting
  5974 | D:9      | Slain by a killer bee

Skill      XL: |  1  2  3  4  5  6  7  8  9 |
---------------+----------------------------+-----
Axes           | 3 5 6 7 9 10 | 10.7
Fighting       | 4 5 7 8 10 | 10.0
Dodging        | 1 2 |  2.7
Armour         | 4 5 |  5.3
Shields        | 4 5 |  5.3

Action                   |  1- 3 |  4- 6 |  7- 9 || total
-------------------------+-------+-------+-------++-------
Melee: War axe           |   128 |    72 |   382 ||   582
  Use: Scroll            |     6 |     2 |     6 ||    14
       Potion            |       |     2 |    11 ||    13
  Eat: Chunk             |     2 |     4 |     8 ||    14
       Meat ration       |       |     1 |       ||     1
       Royal jelly       |       |       |     2 ||     2
       Fruit             |       |       |     3 ||     3
Armor: Scale mail        |    51 |     1 |   103 ||   155
       Chain mail        |       |    21 |   127 ||   148
       Skin              |       |       |   115 ||   115
Dodge: Dodged            |    46 |    15 |   145 ||   206
Block: Shield            |    72 |    36 |   260 ||   368
